Map: Ulrena

Players

LilDicky - Winner!

  • Race: Terran Terran
  • League: Diamond

BoneZ

  • Race: Terran Terran
  • League: Diamond

VOD

http://www.twitch.tv/tumescentpie

Description

Time

  • Played on: Dec. 8, 2015, 11:18 a.m.
  • Length: 2:48
Show
View Real Time Build Order
Export as new Build Order

LilDicky Terran - Winner!

Build Orders:  

Get SALT Encoding   

  12  0:05  SCV  
  13  0:17  SCV  
  14  0:21  Supply Depot  
  14  0:29  SCV  
  14  0:31  Refinery  
  15  0:43  SCV  
  15  0:47  Barracks  
  16  0:55  SCV  
  17  1:07  SCV  
  18  1:19  SCV  
  19  1:30  Refinery  
  19  1:31  SCV  
  20  1:40  Marine  
  20  1:42  Supply Depot  
  20  1:46  Factory  
  21  1:47  Orbital Command  
  21  1:57  Marine  
  22  2:13  SCV  
  23  2:15  Marine  
  24  2:25  SCV  
  25  2:35  Armory  
  25  2:37  Starport  
  25  2:38  Factory Tech Lab  
Show
View Real Time Build Order
Export as new Build Order

BoneZ Terran 

Build Orders:  

Get SALT Encoding   

  12  0:01  SCV  
  13  0:13  SCV  
  14  0:18  Supply Depot  
  14  0:26  SCV  
  15  0:39  SCV  
  15  0:42  Barracks  
  16  0:48  Refinery  
  16  0:59  Barracks  
  16  1:03  SCV  
  17  1:15  SCV  
  18  1:30  Supply Depot  
  18  1:31  Orbital Command  
  19  1:32  Reaper  
  19  1:49  Barracks  
  19  1:51  Reaper  
  20  1:54  Refinery  
  20  1:58  SCV  
  21  2:10  Reaper  
  21  2:11  SCV  
  21  2:15  Supply Depot  
  23  2:23  SCV  
  24  2:35  SCV  
  25  2:40  Supply Depot  
Tags
 
Add a new tag
Caveats
  • Supply blocks, unpowered buildings, or Contaminate may cause inaccurate times.
  • Supply counts are checked every 10 seconds.